 Dungeon Crawl Stone Soup version 0.30-a0-840-ga523dec638 (webtiles) character file.

Game seed: 1081981829643956819

15672 Zenkrye the Spear-Bearer (level 12, -10/88 HPs)
             Began as a Human Cinder Acolyte on Mar 1, 2023.
             Was a High Priest of Ignis.
             Mangled by a swamp worm (13 damage)
             ... on level 1 of the Lair of Beasts.
             The game lasted 00:45:58 (12827 turns).

Zenkrye the Spear-Bearer (Human Cinder Acolyte)    Turns: 12827, Time: 00:45:59

Health: -10/88     AC: 23    Str: 24    XL:     12   Next: 60%
Magic:  16/16      EV:  3    Int: 15    God:    Ignis [*****.]
Gold:   372        SH:  6    Dex: 10    Spells: 12/17 levels left

rFire   + + .      SeeInvis .    G - +4 spear (flame)
rCold   + . .      Faith    .    y - +1 buckler
rNeg    . . .      Spirit   .    a - +0 crystal plate armour
rPois   .          Reflect  .    l - +0 helmet
rElec   .          Harm     .    A - scarf {rC+ rF+}
rCorr   .          Rampage  .    (no gloves)
Will    .....                    f - +0 pair of boots Stlth
                                 c - amulet of regeneration
HPRegen 1.14/turn                p - +4 ring of protection
MPRegen 0.15/turn                j - +6 ring of strength

@: no status effects
A: no striking features
a: Renounce Religion, Fiery Armour, Foxfire Swarm, Rising Flame


You were on level 1 of the Lair of Beasts.
You worshipped Ignis.
Ignis was extremely pleased with you.
You visited 2 branches of the dungeon, and saw 13 of its levels.

You collected 828 gold pieces.
You spent 456 gold pieces at shops.

Inventory:

Hand Weapons
 r - a +1 trident of protection
 u - a +2 spear of venom
 G - a +4 spear of flaming (weapon)
Missiles
 e - 8 poisoned darts (quivered)
 o - 4 boomerangs of dispersal
 C - 16 boomerangs
Armour
 a - a +0 crystal plate armour (worn)
 f - a +0 pair of boots (worn)
 l - a +0 helmet (worn)
 s - a +0 kite shield
 y - a +1 buckler (worn)
 A - a scarf of resistance (worn)
 B - +0 steam dragon scales
 E - a +0 chain mail
Jewellery
 c - an amulet of regeneration (around neck)
 j - a +6 ring of strength (right hand)
 p - a +4 ring of protection (left hand)
 K - a +6 ring of dexterity
Wands
 b - a wand of polymorph (3)
 n - a wand of roots (11)
 q - a wand of mindburst (29)
 D - a wand of flame (12)
Scrolls
 z - a scroll of amnesia
 F - 2 scrolls of poison
 L - a scroll of enchant weapon
Potions
 d - a potion of cancellation
 k - 2 potions of brilliance
 m - 2 potions of mutation
 t - 11 potions of ambrosia
 x - 2 potions of resistance {@q6}
 H - a potion of flight {unknown}
 I - a potion of haste {unknown}
 J - a potion of magic {unknown}


   Skills:
 + Level 6.0 Fighting
 - Level 14.0 Polearms
 + Level 4.9 Armour
 + Level 8.3 Shields
 - Level 3.0 Spellcasting
 - Level 5.0 Translocations
 - Level 5.0 Fire Magic
 - Level 5.0 Air Magic


You had 12 spell levels left.
You knew the following spells:

 Your Spells              Type           Power      Damage    Failure   Level
a - Scorch                Fire           34%        2d6       99%         2
b - Vhi's Electric Charg  Tloc/Air       34%        N/A       100%        3

Your spell library contained the following spells:

 Spells                   Type           Power      Damage    Failure   Level
 Lesser Beckoning         Tloc           34%        N/A       99%         2
 Kiss of Death            Conj/Necr      8%         2d6       100%        1
 Ensorcelled Hibernation  Hex/Ice        4%         N/A       100%        2
 Static Discharge         Conj/Air       18%        2-3/arc   100%        2
 Confusing Touch          Hex            2%         N/A       100%        3
 Gell's Gravitas          Tloc           17%        N/A       100%        3
 Spider Form              Tmut/Pois      2%         N/A       100%        3
 Teleport Other           Tloc           17%        N/A       100%        3
 Anguish                  Hex/Necr       1%         N/A       100%        4
 Dispel Undead            Necr           2%         3d7       100%        4
 Arcjolt                  Conj/Air       4%         1d14      100%        5
 Lightning Bolt           Conj/Air       4%         1d16      100%        5


Dungeon Overview and Level Annotations

Branches:
Dungeon (11/15)            Temple (0/1) D:7            Lair (2/5) D:8
  Swamp: Lair:2-3    Shoals: Lair:2-3     Snake: Lair:2-3    Spider: Lair:2-3
    Orc: D:9-12

Altars:
Ashenzari
Gozag
Hepliaklqana
Okawaru

Shops:
D:3 :   D:4 *

Annotations:
D:10 4 runed translucent doors


Message History

The harpoon shot hits you!!
You are yanked forward by the harpoon shot.
The komodo dragon bites you but does no damage.
The swamp worm bites you.
* * * LOW HITPOINT WARNING * * *
The tyrant leech barely misses you.
The komodo dragon bites you but does no damage.
The komodo dragon attacks as you move away!
The komodo dragon bites you.
* * * LOW HITPOINT WARNING * * *
The swamp worm attacks as you move away!
The swamp worm bites you but does no damage.
There is a stone staircase leading up here.
The swamp worm bites you.
* * * LOW HITPOINT WARNING * * *
The tyrant leech bites you but does no damage.
The swamp worm bites you.
* * * LOW HITPOINT WARNING * * *
You climb upwards.
There is a stone staircase leading down here.
Okay, then.
You feel better.
The swamp worm bites you but does no damage. x2
The tyrant leech bites you but does no damage.
The swamp worm bites you but does no damage.
The swamp worm bites you.
* * * LOW HITPOINT WARNING * * *
The swamp worm attacks as you move away!
The swamp worm bites you!
* * * LOW HITPOINT WARNING * * *
The swamp worm attacks as you move away!
The swamp worm bites you but does no damage.
The swamp worm fires a harpoon shot at you.
The harpoon shot hits you!
* * * LOW HITPOINT WARNING * * *
You are yanked forward by the harpoon shot.
The swamp worm bites you but does no damage.
The swamp worm attacks as you move away!
The swamp worm bites you!
You die...

###.................P#..
#.......................
###.......................
#...##....................
##.........................
##..........................
#............###............ #
##..........#w.>.#.#......... #
#P.........#@ww.............. ##
##.......##....♣....##.......
.#####...........#♣##.....#......
................## ###...##.....
...........#...######.##.........
.........#.#...###..†.##...###...
.............................+...
.........#♣.....♣..>..♣†....♣♣...
...................÷.........+...


You could see a tyrant leech and 2 swamp worms.

Vanquished Creatures
  A centaur warrior (D:8)
  2 two-headed ogres
  Pikel (D:5)
  A manticore (D:8)
  A centaur zombie (D:11)
  A black mamba (Lair:1)
  A rime drake (Lair:1)
  A troll (D:9)
  A queen bee (Lair:1)
  Sigmund (D:3)
  2 shadows
  3 wyverns
  A wraith (D:10)
  23 yaks
  4 steam dragons
  2 wargs (D:8)
  4 water moccasins
  Duvessa (D:5)
  A black bear (D:7)
  4 orc warriors
  An ice beast (D:7)
  3 sky beasts
  An ogre (D:7)
  4 centaurs
  A kobold brigand (D:8)
  5 bullfrogs
  6 scorpions
  A gnoll sergeant (D:9)
  A necrophage (D:3)
  7 wights
  Dowan (D:5)
  43 killer bees
  3 electric eels (Lair:1)
  2 howler monkeys
  2 lava snakes (D:7)
  3 jellies
  6 orc priests
  5 hounds (D:5)
  7 hell rats (Lair:1)
  2 iguanas
  14 orc wizards
  8 gnolls
  8 adders
  3 white imps
  4 ufetubi
  3 worms
  The ghost of Orangeyouglad the Sneak, a weakling HuDe (D:5)
  4 dart slugs
  44 orcs
  8 bats
  3 endoplasms
  5 giant cockroaches
  10 goblins
  4 hobgoblins
  4 quokkas
  4 ball pythons
  5 kobolds
  2 rats
294 creatures vanquished.

Vanquished Creatures (collateral kills)
  A jelly (D:8)
1 creature vanquished.

Vanquished Creatures (others)
  A troll (D:8)
  A centaur (D:8)
  4 lemures (D:5)
  2 orc wizards
  2 fungi
  14 plants
24 creatures vanquished.

Grand Total: 319 creatures vanquished

Notes
Turn   | Place    | Note
-------+----------+-------------------------------------------
     0 | D:1      | Zenkrye the Human Cinder Acolyte began the quest for the
                  | Orb.
     0 | D:1      | Reached XP level 1. HP: 18/18 MP: 2/2
    79 | D:1      | Reached XP level 2. HP: 24/24 MP: 3/3
    82 | D:1      | Learned a level 2 spell: Scorch
   189 | D:1      | Reached skill level 4 in Polearms
   189 | D:1      | Reached XP level 3. HP: 29/29 MP: 1/4
   369 | D:1      | Found a faded altar of an unknown god.
   744 | D:2      | Reached XP level 4. HP: 35/35 MP: 5/5
  1461 | D:2      | Reached skill level 5 in Polearms
  1519 | D:3      | Reached XP level 5. HP: 38/41 MP: 6/6
  1686 | D:3      | Found Voqoddu's Book Boutique.
  1779 | D:3      | Found a broken altar of Ashenzari.
  1780 | D:3      | Found a hazy altar of Hepliaklqana.
  1787 | D:3      | Noticed Sigmund
  1790 | D:3      | Killed Sigmund
  1791 | D:3      | Reached skill level 6 in Polearms
  1791 | D:3      | Reached XP level 6. HP: 47/47 MP: 0/7
  2029 | D:3      | Reached skill level 7 in Polearms
  2467 | D:3      | Reached XP level 7. HP: 49/52 MP: 0/8
  2785 | D:4      | Found Gageulut's Elemental Accessories.
  2884 | D:5      | Entered Level 5 of the Dungeon
  2890 | D:5      | Noticed Duvessa
  2890 | D:5      | Noticed Dowan
  3203 | D:5      | Reached skill level 8 in Polearms
  3485 | D:5      | Noticed Pikel
  3515 | D:5      | Killed Pikel
  3516 | D:5      | Reached skill level 9 in Polearms
  3516 | D:5      | Reached XP level 8. HP: 46/58 MP: 0/9
  3913 | D:6      | Reached skill level 5 in Fire Magic
  4002 | D:6      | Reached skill level 10 in Polearms
  4002 | D:6      | Reached XP level 9. HP: 59/63 MP: 9/11
  4708 | D:5      | Found a runed translucent gate.
  4830 | D:5      | Found a runed translucent gate.
  4830 | D:5      | Found an opulent altar of Gozag.
  4831 | D:5      | Found a runed translucent gate.
  4833 | D:5      | Noticed Orangeyouglad's ghost (weakling HuDe)
  4979 | D:5      | Killed Duvessa
  4980 | D:5      | Reached skill level 1 in Shields
  5047 | D:7      | Reached skill level 11 in Polearms
  5188 | D:7      | Found a staircase to the Ecumenical Temple.
  5660 | D:7      | Reached XP level 10. HP: 35/70 MP: 7/14
  5846 | D:7      | Reached skill level 12 in Polearms
  6588 | D:3      | Bought a book of Lightning for 456 gold pieces
  6592 | D:3      | Learned a level 3 spell: Vhi's Electric Charge
  7019 | D:8      | Reached skill level 1 in Translocations
  7028 | D:7      | Reached skill level 1 in Air Magic
  7235 | D:8      | Found a staircase to the Lair.
  7415 | D:8      | Noticed a manticore
  7415 | D:8      | Noticed a centaur warrior
  7460 | D:8      | Killed a manticore
  7749 | D:8      | Reached skill level 5 in Shields
  7773 | D:8      | Reached skill level 13 in Polearms
  8499 | D:9      | Reached XP level 11. HP: 75/75 MP: 15/15
  8786 | D:10     | Entered Level 10 of the Dungeon
  8994 | D:10     | Found a runed translucent door.
  8994 | D:10     | Found an iron altar of Okawaru.
  8997 | D:10     | Noticed a two-headed ogre
  9005 | D:10     | Killed a two-headed ogre
  9067 | D:10     | Found a runed translucent door.
  9087 | D:10     | Found a runed translucent door.
  9100 | D:10     | Found a runed translucent door.
 10043 | D:11     | Noticed a two-headed ogre
 10210 | D:8      | Noticed a two-headed ogre
 10220 | D:8      | Killed a two-headed ogre
 10221 | D:8      | Reached skill level 14 in Polearms
 10298 | D:8      | Killed a centaur warrior
 10299 | D:8      | Reached skill level 5 in Translocations
 10299 | D:8      | Reached skill level 5 in Air Magic
 10546 | D:5      | Killed Dowan
 10876 | D:5      | Killed Orangeyouglad's ghost
 11115 | Lair:1   | Entered Level 1 of the Lair of Beasts
 11123 | Lair:1   | Reached skill level 1 in Armour
 11352 | D:8      | Reached XP level 12. HP: 70/83 MP: 12/16
 11673 | Lair:1   | Reached skill level 5 in Fighting
 12748 | Lair:2   | HP: 4/88 [swamp worm/harpoon shot (8)]
 12825 | Lair:1   | HP: 2/88 [swamp worm/harpoon shot (8)]
 12827 | Lair:1   | Mangled by a swamp worm

Illustrated notes

Levels and vault maps discovered:
D:1:      moated_graveyard_arrival, layout_rooms,
          hellmonk_ecumenical_altar_heavens_door, solitary_fountain
D:2:      layout_basic, serial_aquarium, aquarium_bridge_straight
          [aquarium_subvault_bridge, aquarium_subvault_wall,
          aquarium_subvault_bridge, aquarium_subvault_window],
          aquarium_bridge_square [aquarium_subvault_window,
          aquarium_subvault_bridge, aquarium_subvault_window,
          aquarium_subvault_bridge], aquarium_window_corner, aquarium_window_1,
          aquarium_window_fake, aquarium_view_2d, item_on_display_a
D:3:      layout_rooms, mainiacjoe_overflow_divided_tiny, serial_corexii_hall,
          chequers_hall_statues_wall_a, corexii_hall_statues_l, serial_shops,
          shop, uniq_sigmund
D:4:      layout_basic, nicolae_elemental_shop, hex_tiny, kennysheep_potato
D:5:      layout_loops_corners, ebering_ghost_gozag, st_stairs_1,
          bh_walls_and_bars, uniq_duvessa, uniq_pikel
D:6:      layout_rooms, hellmonk_bongcloud_opening
D:7:      layout_loops_ring, minmay_temple_entry_poolview, kennysheep_diamond
D:8:      nzn_winding_woodlands_cross
          [nzn_winding_woodlands_5x15_pathside_ponds,
          nzn_winding_woodlands_5x15_eye,
          nzn_winding_woodlands_5x15_river_crossing,
          nzn_winding_woodlands_5x15_parted,
          nzn_winding_woodlands_15x15_killbox], layout_rooms,
          erik_lair_orcish_takeover, enter_bailey_5
D:9:      layout_loops_corners
D:10:     layout_basic, okawaru_metal_pillars_1_2, minmay_statue_crystal_thing
D:11:     layout_roguey, serial_undead, serial_undead_b, serial_undead_e,
          serial_undead_d, serial_undead_f, grunt_ministairs_8,
          minmay_rotating_lava
Lair:1:   layout_cave_shapes, special_room [special_room_bee],
          serial_bayou_shore_a, grunt_megastairs_5, lemuel_fruit_tree
Lair:2:   layout_chaotic_city, palyth_hydra_swamp_entry

Skill      XL: |  1  2  3  4  5  6  7  8  9 10 11 12 |
---------------+-------------------------------------+-----
Polearms       | 4 5 6 7 9 10 11 13 14 | 14.0
Fire Magic     | 4 5 |  5.0
Spellcasting   | 3 |  3.0
Shields        | 3 5 6 8 |  8.3
Translocations | 3 5 |  5.0
Air Magic      | 3 5 |  5.0
Armour         | 2 4 |  4.9
Fighting       | 6 |  6.0

Action                     |  1- 3 |  4- 6 |  7- 9 | 10-12 || total
---------------------------+-------+-------+-------+-------++-------
  Melee: Spear             |   125 |   153 |   271 |   816 ||  1365
         Punch             |     2 |     2 |     3 |       ||     7
  Throw: Dart              |       |       |    21 |    24 ||    45
         Boomerang         |       |       |       |     8 ||     8
   Cast: Scorch            |     1 |    11 |    49 |    51 ||   112
         Vhi's Electric Ch |       |       |       |     7 ||     7
 Invoke: Fiery Armour      |       |       |       |     1 ||     1
  Evoke: Wand              |       |       |     8 |    16 ||    24
    Use: Scroll            |     2 |     2 |     5 |    18 ||    27
         Potion            |       |       |       |     8 ||     8
   Stab: Distracted        |       |       |       |     1 ||     1
         Invisible         |       |       |       |     8 ||     8
 Armour: Robe              |    21 |       |       |       ||    21
         Leather armour    |    16 |     5 |       |       ||    21
         Ring mail         |       |    66 |    83 |     1 ||   150
         Scale mail        |       |       |       |    47 ||    47
         Steam dragon scal |       |       |       |    73 ||    73
         Crystal plate arm |       |       |       |   156 ||   156
  Dodge: Dodged            |    50 |    61 |   104 |   201 ||   416
  Block: Buckler           |       |       |     9 |   158 ||   167

Table legend: (Time is in decaauts)
 A = Elapsed time spent in this place.
 B = Non-inter-level travel time spent in this place.
 C = Inter-level travel time spent in this place.
 D = Time resting spent in this place.
 E = Time spent auto-exploring this place.
 F = Levels seen in this place.
 G = Mean time per level.
                   A        B        C        D        E       F      G
               +--------+--------+--------+--------+--------+-----+--------+
         Total |  12356 |  11327 |   1029 |   1192 |   7506 |  13 |  950.5 |
       Dungeon |  10958 |   9953 |   1005 |   1136 |   6523 |  11 |  996.2 |
          Lair |   1398 |   1375 |     23 |     56 |    983 |   2 |  699.0 |
               +--------+--------+--------+--------+--------+-----+--------+

Top non-repeatable levels by time:
     D:5: 1911 daAuts
     D:7: 1630 daAuts
     D:8: 1380 daAuts
  Lair:1: 1323 daAuts
    D:10: 1176 daAuts
     D:2: 1106 daAuts
     D:9: 956 daAuts
     D:4: 798 daAuts
     D:3: 787 daAuts
     D:6: 744 daAuts
     D:1: 412 daAuts
  Lair:2: 74 daAuts
    D:11: 53 daAuts
